 Dungeon Crawl Stone Soup version 0.18-a0-1572-g0a86841 (webtiles) character file.

5482 Hilldric the Prestidigitator (level 10, -10/87 HPs)
             Began as a Deep Dwarf Fighter on Mar 15, 2016.
             Was a Believer of Okawaru.
             Mangled by a tentacled starspawn (13 damage)
             ... on level 1 of the Abyss.
             The game lasted 00:25:52 (7776 turns).

Hilldric the Prestidigitator (Deep Dwarf Fighter)   Turns: 7776, Time: 00:25:53

Health: -10/87     AC: 14    Str: 22    XL:     10   Next: 42%
Magic:  13/13      EV:  5    Int: 10    God:    Okawaru [**....]
Gold:   287        SH:  9    Dex: 12    Spells: 0 memorised, 9 levels left

rFire  . . .     SeeInvis .     a - +1 war axe
rCold  . . .     Gourm    +     s - +0 chain mail
rNeg   . . .     Faith    .     c - +0 shield
rPois  +         Spirit   .     (no helmet)
rElec  .         Dismiss  .     k - +1 cloak
rCorr  .         Reflect  .     (no gloves)
SustAt .         Harm     .     h - +0 pair of boots
MR     +....                    g - amulet of the gourmand
Stlth  ..........               C - +1 ring of protection
                                r - ring of poison resistance

@: non-regenerating, somewhat resistant to hostile enchantments, extremely
unstealthy
A: damage resistance, recharge devices, sense surroundings 2, slow regeneration
3
a: Device Recharging, Heroism, Renounce Religion


You were on level 1 of the Abyss.
You worshipped Okawaru.
Okawaru was pleased with you.
You were hungry.

You visited 2 branches of the dungeon, and saw 10 of its levels.
You visited the Abyss 1 time.
You also visited: Ossuary.

You collected 487 gold pieces.
You spent 200 gold pieces at shops.

Inventory:

Hand Weapons
 a - a +1 war axe (weapon)
Armour
 c - a +0 shield (worn)
 h - a +0 pair of boots (worn)
 k - a +1 cloak (worn)
 s - a +0 chain mail (worn)
Jewellery
 g - an amulet of the gourmand (around neck)
 r - a ring of poison resistance (left hand)
 C - a +1 ring of protection (right hand)
Wands
 i - a wand of heal wounds (3/9)
 o - a wand of flame (18/48)
 q - a wand of acid (4/15)
 x - a wand of slowing (20/48)
 y - a wand of teleportation (5/9)
 z - a wand of enslavement (18/24)
Scrolls
 f - 2 scrolls of magic mapping
 l - 4 scrolls of remove curse
 m - 3 scrolls of identify
 n - 9 scrolls of teleportation
 p - 2 scrolls of enchant weapon
Potions
 b - a potion of magic {unknown}
 d - 4 potions of might
 e - 12 potions of curing
 j - a potion of brilliance
 u - 2 potions of berserk rage {unknown}
 v - a potion of heal wounds
 w - 2 potions of agility
Books
 D - a book of Annihilations

   Spells                             Type                      Level
   a - Poison Arrow                   Conjuration/Poison           6
   b - Chain Lightning                Conjuration/Air              8
   c - Lehudib's Crystal Spear        Conjuration/Earth            8
   d - Glaciate                       Conjuration/Ice              9
   e - Fire Storm                     Conjuration/Fire             9
Comestibles
 t - a beef jerky
 A - 3 bread rations
 B - a royal jelly


   Skills:
 - Level 4.6 Fighting
 - Level 10.2 Axes
 - Level 5.0 Armour
 - Level 3.2 Shields
 + Level 14.1 Evocations


You had 9 spell levels left.
You didn't know any spells.

Dungeon Overview and Level Annotations

Branches:
Dungeon (9/15)             Temple (1/1) D:6
   Lair: D:8-11         Orc: D:9-12

Altars:
Ashenzari
Cheibriados
Dithmenos
Elyvilon
Fedhas
Gozag
Kikubaaqudgha
Makhleb
Nemelex Xobeh
Okawaru
Pakellas
Ru
Sif Muna
Trog
Vehumet
Xom
Yredelemnul
Zin

Shops:
D:5 =

Annotations:
D:8 Psyche


Innate Abilities, Weirdness & Mutations

You are resistant to damage.
You can recharge devices by infusing magical energy.
You passively map the area around you.
You do not regenerate naturally.


Message History

The tentacled starspawn is moderately damaged.
Zapping:
i - a wand of heal wounds (4/9)
Press: ? - help, Shift-Dir - straight line, f - you You feel much better.
This wand has 3 charges left.
The tentacled starspawn bites you!
The tentacled starspawn barely misses you.
You slash the tentacled starspawn!
The tentacled starspawn is moderately damaged.
You hit the tentacled starspawn.
The tentacled starspawn is moderately damaged.
The tentacled starspawn bites you!!
* * * LOW HITPOINT WARNING * * *
The tentacled starspawn engulfs you.
* * * LOW HITPOINT WARNING * * *
You slash the tentacled starspawn!
The tentacled starspawn is heavily damaged.
The tentacled starspawn bites you!!
* * * LOW HITPOINT WARNING * * *
The tentacled starspawn engulfs you!
You die...

###
##X##
#@#.##
#
#.##.#
#
###.#
# ###
..#.#
##. #
..#
#.# ..
..# #
# .#
#. # #
X#.#


You could see a tentacled starspawn.

Vanquished Creatures
  Erolcha (D:8)
  The ghost of M4edhros the Spear-Bearer, a novice OpCK of Xom (D:6)
  The ghost of PeterLawrence the Basher, a novice MiFi (D:4)
  A polar bear (D:8)
  Sigmund (D:3)
  3 yaks (D:8)
  A wraith (D:7)
  3 hippogriffs
  2 ice beasts
  A sky beast (D:8)
  An eye of draining (D:8)
  A wasp (D:8)
  A phantom (D:6)
  2 ogres
  4 centaurs
  A giant frog (D:6)
  A scorpion (D:8)
  A water moccasin skeleton (D:8)
  4 killer bees
  2 crimson imps
  5 hounds
  4 jellies
  8 orc priests
  A centaur skeleton (D:8)
  9 orc wizards
  A giant frog skeleton (D:5)
  An iguana (D:7)
  Ijyb (D:2)
  6 worker ants
  A giant frog simulacrum (D:8)
  A hound zombie (Ossuary)
  A hound skeleton (D:7)
  4 mummies (Ossuary)
  A worker ant zombie (D:8)
  8 gnolls
  7 adders
  A shadow imp (D:8)
  A white imp (D:8)
  A worker ant simulacrum (D:8)
  An ufetubus (D:8)
  2 oozes
  2 adder zombies
  A worm (D:2)
  A dart slug (D:1)
  4 giant geckos
  28 orcs
  3 giant cockroaches
  5 goblins
  13 hobgoblins
  21 jackals
  9 kobolds
  3 quokkas
  2 ball pythons
  8 bats
  10 giant newts
  2 goblin zombies (Ossuary)
  3 jackal zombies (Ossuary)
  3 kobold zombies (Ossuary)
  6 rats
  2 rat zombies (Ossuary)
224 creatures vanquished.

Vanquished Creatures (others)
  A wizard (D:6)
  A manticore (D:6)
  An orc (D:8)
  6 starspawn tentacles (Abyss:1)
  30 starspawn tentacle segments (Abyss:1)
39 creatures vanquished.

Grand Total: 263 creatures vanquished

Notes
Turn   | Place    | Note
--------------------------------------------------------------
     0 | D:1      | Hilldric the Deep Dwarf Fighter began the quest for the Orb.
     0 | D:1      | Reached XP level 1. HP: 20/20 MP: 1/1
     6 | D:1      | Noticed a worker ant
     6 | D:1      | Noticed a wyvern
     6 | D:1      | Noticed a black mamba
     6 | D:1      | Noticed a black bear
     6 | D:1      | Noticed a hog
    56 | D:1      | Reached XP level 2. HP: 20/27 MP: 2/2
   588 | D:1      | Reached XP level 3. HP: 33/33 MP: 3/3
   822 | D:1      | Reached skill level 5 in Armour
   952 | D:2      | Noticed Ijyb
   965 | D:2      | Killed Ijyb
   965 | D:2      | Reached XP level 4. HP: 37/40 MP: 4/4
  1541 | D:3      | Found a sparkling altar of Nemelex Xobeh.
  1690 | D:3      | Reached XP level 5. HP: 44/46 MP: 5/5
  1848 | D:3      | Reached skill level 5 in Axes
  1946 | D:3      | Noticed Sigmund
  1961 | D:3      | Killed Sigmund
  1961 | D:3      | Reached XP level 6. HP: 44/55 MP: 6/6
  2731 | D:4      | Reached XP level 7. HP: 35/61 MP: 7/7
  2827 | D:4      | Noticed PeterLawrence's ghost (novice MiFi)
  2879 | D:4      | HP: 1/61 [PeterLawrence's ghost (12)]
  2891 | D:4      | Killed PeterLawrence's ghost
  2997 | D:5      | Entered Level 5 of the Dungeon
  3336 | D:5      | Found Vumoimn's Jewellery Shop.
  3339 | D:5      | Reached XP level 8. HP: 47/68 MP: 7/7
  3346 | D:5      | Bought an uncursed ring of poison resistance for 200 gold pieces
  3382 | D:5      | Found a sand-covered staircase.
  3391 | Ossuary  | Entered an ossuary
  3887 | D:5      | Reached skill level 10 in Axes
  4057 | D:5      | Reached skill level 1 in Evocations
  4071 | D:5      | Reached skill level 2 in Evocations
  4134 | D:5      | Found a radiant altar of Vehumet.
  4378 | D:6      | Noticed M4edhros's ghost (novice OpCK)
  4397 | D:6      | Killed M4edhros's ghost
  4397 | D:6      | Reached skill level 5 in Evocations
  4453 | D:6      | Reached skill level 6 in Evocations
  4515 | D:6      | Reached skill level 7 in Evocations
  4566 | D:6      | Found a bloodstained altar of Trog.
  4567 | D:6      | Noticed a wizard
  4572 | D:6      | Killed a wizard
  4602 | D:6      | Found a blossoming altar of Fedhas.
  4640 | D:6      | Reached skill level 8 in Evocations
  4667 | D:6      | Gained mutation: You passively map the area around you. [Deep Dwarf growth]
  4667 | D:6      | Reached XP level 9. HP: 51/74 MP: 14/14
  4832 | D:6      | You fall through a shaft for 3 floors!
  4845 | D:9      | Reached skill level 9 in Evocations
  5101 | D:6      | Found a staircase to the Ecumenical Temple.
  5106 | Temple   | Entered the Ecumenical Temple
  5113 | Temple   | Became a worshipper of Warmaster Okawaru
  5219 | D:6      | Found an oddly glowing altar of Pakellas.
  5220 | D:6      | Noticed a manticore
  5225 | D:6      | Killed a manticore
  5292 | D:7      | Reached skill level 10 in Evocations
  6118 | D:7      | Reached * piety under Okawaru
  6118 | D:7      | Reached skill level 11 in Evocations
  6491 | D:8      | Reached skill level 12 in Evocations
  6631 | D:8      | Reached XP level 10. HP: 38/87 MP: 0/15
  6746 | D:8      | Noticed Erolcha
  6756 | D:8      | Reached ** piety under Okawaru
  6771 | D:8      | Killed Erolcha
  6771 | D:8      | Reached skill level 13 in Evocations
  7439 | D:8      | Noticed Psyche
  7442 | D:8      | Reached skill level 14 in Evocations
  7715 | D:8      | Cast into level 1 of the Abyss (Psyche)
  7724 | Abyss:1  | Noticed a tentacled starspawn
  7776 | Abyss:1  | HP: 3/87 [tentacled starspawn (22)]
  7776 | Abyss:1  | Mangled by a tentacled starspawn

Vault maps used:
D:1:      onia_arrival_zoo_common, kennysheep_crisscross,
          kennysheep_pointless_box
D:2:      uniq_iyjb
D:3:      first_bread, dk_noncrumbling_4, nemelex_spade_bored_becter,
          uniq_sigmund
D:5:      kennysheep_little_box, serial_shops, shop,
          nicolae_ossuary_entry_monument, kennysheep_nondescript
D:6:      gammafunk_pakellas_spire_experiment, fedhas_altar_3,
          minmay_temple_entry_nine_rooms, trog_wizard
D:8:      serial_ice, serial_ice_b, serial_ice_i, serial_ice_g, serial_ice_d,
          uniq_erolcha, uniq_psyche
D:9:      gammafunk_temple_overflow_wave, david_orc_3, serial_shops,
          kennysheep_mini, shop_coins, nicolae_shop_stone, kennysheep_mini_moat,
          shop
Temple:   nicolae_temple_no_exploring_needed
Abyss:1:  evilmike_abyss_exit_11
Ossuary:  ossuary_minmay_tomb_2a

Skill      XL: |  1  2  3  4  5  6  7  8  9 10 |
---------------+-------------------------------+-----
Armour         | 4 5 |  5.0
Axes           | 3 4 6 7 9 10 | 10.2
Evocations     | 8 12 14 | 14.1
Fighting       | 4 |  4.6
Shields        | |  3.2

Action                   |  1- 3 |  4- 6 |  7- 9 | 10-12 || total
-------------------------+-------+-------+-------+-------++-------
Melee: War axe           |   114 |   212 |   431 |   139 ||   896
Invok: Heroism           |       |       |       |     1 ||     1
 Abil: Device Recharging |       |       |     4 |     3 ||     7
Evoke: Wand              |     1 |     5 |    19 |    10 ||    35
  Use: Scroll            |     3 |       |     9 |     2 ||    14
       Potion            |       |       |     1 |     1 ||     2
  Eat: Bread ration      |       |     2 |     1 |       ||     3
       Meat ration       |       |       |     2 |       ||     2
